 Dungeon Crawl Stone Soup version 5.6-49-g8abd877 (webtiles) character file.

51 Faca the Cleaver (level 11, -5/165 HPs) *CASUAL*
             Began as a Minotaur Berserker on Oct 4, 2018.
             Was an Elder of Trog.
             Slain by a blink frog (8 damage)
             ... on level 10 of the Dungeon.
             The game lasted 00:15:18 (8128 turns).

Faca the Cleaver (Minotaur Berserker)               Turns: 8128, Time: 00:15:19

Health: -5/165     AC: 11 (34%)Str: 35  XL:     11   Next: 88%
Magic:  12/12      EV: 13    Int:  4    God:    Trog [4*[101]]
Gold:   588        SH:  0    Dex: 10    Spells: 14/14 levels left

rFire    . . .     SeeInvis .   r - +0 war axe
rCold    . . .     Faith    .   (no shield)
rNeg     . . .     Spirit   .   b - +0 chain mail
rPois    .         Reflect  .   (helmet restricted)
rElec    .                      w - +2 cloak {MR+}
rCorr    .                      i - +0 pair of gloves
MR       +....                  (no boots)
Stlth    ..........             k - amulet of regeneration
Regen    0.8/turn               s - +5 ring of strength
MPRegen  0.4/turn               (no ring)

@: berserking, corroded, very quick
A: retaliatory headbutt, horns 2
a: Berserk, Trog's Hand, Brothers in Arms, Renounce Religion


You were on level 10 of the Dungeon.
You worshipped Trog.
Trog was greatly pleased with you.
You were not hungry.

You visited 1 branch of the dungeon, and saw 10 of its levels.

You collected 588 gold pieces.

Inventory:

Hand Weapons
 q - a +0 flail
 r - a +0 war axe (weapon)
Missiles
 e - 17 frenzy darts (quivered)
 u - 64 poisoned darts
 y - a tomahawk
Armour
 b - a +0 chain mail (worn)
 i - a +0 pair of gloves (worn)
 w - a +2 cloak of magic resistance (worn)
Jewellery
 k - an amulet of regeneration (around neck)
 s - a +5 ring of strength (left hand)
Wands
 l - a wand of flame (7)
 p - a wand of lightning (4)
 v - a wand of acid (4)
Scrolls
 c - 3 scrolls of enchant weapon
 d - a scroll of enchant armour
 h - 4 scrolls of blinking
 j - 2 scrolls of fear
 m - 4 scrolls of teleportation
 n - 3 scrolls of magic mapping
 o - 2 scrolls of fog
Potions
 a - 2 potions of cancellation
 f - a potion of lignification
 g - 2 potions of augmentation
 t - a potion of mutation
 x - a potion of berserk rage


   Skills:
 + Level 14.0 Fighting
 + Level 14.2 Axes
 + Level 8.3 Armour
 + Level 7.8 Dodging


You had 14 spell levels left.
You didn't know any spells.
Your spell library contained the following spells:

 Spells                   Type           Power        Failure   Level  Hunger
 Conjure Flame            Fire/Air       0 (100)      99%         3    N/A
 Controlled Blink         Tloc           N/A          100%        8    N/A
 Freezing Cloud           Ice/Air        0 (200)      100%        6    N/A
 Mephitic Cloud           Hex/Air        0 (100)      100%        4    N/A
 Ring of Flames           Chrm/Fire      0 (200)      100%        7    N/A
 Iron Shot                Erth           0 (200)      100%        6    N/A
 Statue Form              Tmut/Erth      0 (150)      100%        6    N/A
 Dragon Form              Tmut           0 (200)      100%        7    N/A
 Shatter                  Erth           0 (200)      100%        9    N/A
 Dispersal                Tloc           0 (200)      100%        6    N/A
 Orb of Destruction       Erth           0 (200)      100%        7    N/A
 Leda's Liquefaction      Hex/Erth       0 (200)      100%        4    N/A
 Disjunction              Tloc           0 (200)      100%        8    N/A
 Force Lance              Tloc/Erth      0 (100)      99%         3    N/A
 Hydra Form               Tmut           0 (200)      100%        6    N/A
 Irradiate                Tmut           0 (200)      100%        5    N/A
 Piercing Shot            Chrm/Tloc      0 (200)      100%        5    N/A

Dungeon Overview and Level Annotations

Branches:
Dungeon (10/15)

Altars:
Cheibriados
Dithmenos
Elyvilon
Gozag
Jiyva
Kikubaaqudgha
Lugonu
Makhleb
Nemelex Xobeh
Okawaru
Qazlal
Ru
Sif Muna
Trog
Uskayaw
Vehumet
Wu Jian
Xom
Yredelemnul
Zin
The Shining One


Innate Abilities, Weirdness & Mutations

You reflexively headbutt those who attack you in melee.
You have a pair of horns on your head.


Message History

You barely miss the orc warrior. The blink frog hits you (9)!
* * * LOW HITPOINT WARNING * * *
You slash the orc warrior (8)! You headbutt the orc warrior (8)!
The orc warrior is severely wounded.
You barely miss the troll. You slash the blink frog (8)!
The orc warrior hits you with a +0 war axe (10)!
* * * LOW HITPOINT WARNING * * *
You slash the orc warrior (9)!
You kill the orc warrior!
Trog accepts your kill.
You closely miss the blink frog. You hit the troll (5).
The blink frog closely misses you. The troll bites you (3).
* * * LOW HITPOINT WARNING * * *
The troll claws you (4).
* * * LOW HITPOINT WARNING * * *
The troll claws you but does no damage.
You closely miss the blink frog.
The blink frog is almost dead.
You slash the troll (13)! You hit the orc (1). The blink frog hits you (8)!
You die...

..................
..................
..................
.....F............
...#...........$..
....####§.§...F...)
....###.o#.#.......
#..oF##.#......#
......#@##.##.###.
......Th...# >.
..........## ...
..........#
..........#
.........##
.........#
.........#


You could see a troll, a blink frog, an orc priest, an orc and a friendly polar
bear (berserk).

Vanquished Creatures
  A two-headed ogre (D:9)
  Joseph (D:8)
  2 centaur zombies
  A black mamba (D:9)
  A spiny frog (D:9)
  Grinder (D:7)
  2 blink frogs (D:10)
  2 wyverns
  A wraith (D:9)
  A black mamba skeleton (D:6)
  A spiny frog zombie (D:8)
  2 water moccasins
  A black bear (D:9)
  2 ice beasts
  4 orc warriors
  A spiny frog skeleton (D:8)
  7 ogres
  5 centaurs
  A rime drake zombie (D:9)
  3 bullfrogs
  A water moccasin zombie (D:5)
  8 scorpions
  5 killer bees (D:10)
  2 crimson imps
  An electric eel (D:8)
  3 quasits
  7 hounds
  2 jellies
  An orc priest (D:7)
  A centaur skeleton (D:8)
  4 orc wizards
  3 worker ants
  2 iguanas
  2 hound zombies (D:5)
  Samantha (D:3)
  4 gnolls
  9 adders
  2 shadow imps
  3 oozes
  17 orcs
  12 quokkas
  3 giant cockroaches
  15 goblins
  17 hobgoblins
  6 jackals
  6 bats
  8 frilled lizards
  6 kobolds
  A quokka skeleton (D:4)
  4 rats
  A spectral orc (D:7)
197 creatures vanquished.

Vanquished Creatures (collateral kills)
  An acid dragon (D:10)
1 creature vanquished.

Vanquished Creatures (others)
  3 plants (D:8)
3 creatures vanquished.

Grand Total: 201 creatures vanquished

Notes
Turn   | Place    | Note
-------+----------+-------------------------------------------
     0 | D:1      | Faca the Minotaur Berserker began the quest for the Orb.
     0 | D:1      | Reached XP level 1. HP: 19/19 MP: 1/1
    65 | D:1      | Reached XP level 2. HP: 24/27 MP: 2/2
   234 | D:1      | Reached XP level 3. HP: 31/34 MP: 3/3
   517 | D:2      | Reached skill level 5 in Axes
   595 | D:2      | Reached XP level 4. HP: 41/41 MP: 4/4
   733 | D:2      | Reached skill level 5 in Fighting
   745 | D:2      | Reached XP level 5. HP: 20/48 MP: 5/5
   748 | D:2      | Reached ** piety under Trog
   919 | D:2      | Noticed a dagger
   919 | D:2      | Noticed a dagger
  1057 | D:2      | Found a bloodstained altar of Trog.
  1223 | D:2      | Found a hide-covered altar of Uskayaw.
  1553 | D:2      | Found a corrupted altar of Lugonu.
  1715 | D:3      | Reached XP level 6. HP: 52/57 MP: 6/6
  1786 | D:3      | Found a stormy altar of Qazlal.
  1816 | D:3      | Found a white marble altar of Elyvilon.
  1896 | D:3      | Noticed Samantha
  1929 | D:3      | Killed Samantha
  2052 | D:3      | Found a snail-covered altar of Cheibriados.
  2069 | D:3      | Found a burning altar of Makhleb.
  2323 | D:4      | Found a shadowy altar of Dithmenos.
  2467 | D:4      | Reached XP level 7. HP: 53/66 MP: 8/8
  2911 | D:4      | Found a sparkling altar of Nemelex Xobeh.
  2922 | D:4      | Found a sacrificial altar of Ru.
  3211 | D:5      | Entered Level 5 of the Dungeon
  3262 | D:5      | Reached XP level 8. HP: 69/75 MP: 9/9
  3593 | D:5      | Found an iron altar of Okawaru.
  3670 | D:5      | Found a glowing silver altar of Zin.
  3707 | D:5      | Reached skill level 10 in Fighting
  3707 | D:5      | Reached skill level 10 in Axes
  3726 | D:5      | Found a radiant altar of Vehumet.
  3746 | D:5      | Reached XP level 9. HP: 74/86 MP: 10/10
  3993 | D:5      | Reached *** piety under Trog
  3997 | D:5      | Found a shimmering altar of Xom.
  4157 | D:6      | Found a viscous altar of Jiyva.
  4631 | D:6      | Found an ornate altar of the Wu Jian Council.
  4971 | D:7      | Reached XP level 10. HP: 86/97 MP: 11/11
  5029 | D:7      | Found an ancient bone altar of Kikubaaqudgha.
  5456 | D:7      | Found a sacrificial altar of Ru.
  5508 | D:7      | Found a deep blue altar of Sif Muna.
  5571 | D:7      | Noticed Grinder
  5577 | D:7      | Killed Grinder
  5668 | D:7      | Found a glowing golden altar of the Shining One.
  5668 | D:7      | Found an opulent altar of Gozag.
  5748 | D:7      | Found a basalt altar of Yredelemnul.
  5998 | D:8      | Reached skill level 5 in Armour
  6388 | D:8      | Reached skill level 5 in Dodging
  6834 | D:8      | Noticed Joseph
  6842 | D:8      | Reached XP level 11. HP: 83/107 MP: 12/12
  6850 | D:8      | Killed Joseph
  7540 | D:9      | Noticed a two-headed ogre
  7545 | D:9      | Killed a two-headed ogre
  7545 | D:9      | Reached **** piety under Trog
  8072 | D:10     | Entered Level 10 of the Dungeon
  8127 | D:10     | HP: 7/165 [troll (3)]
  8127 | D:10     | HP: 3/165 [troll (4)]
  8128 | D:10     | Slain by a blink frog

Skill      XL: |  1  2  3  4  5  6  7  8  9 10 11 |
---------------+----------------------------------+-----
Axes           | 4 5 6 7 8 10 12 13 14 | 14.2
Fighting       | 4 5 6 7 8 10 12 13 14 | 14.0
Armour         | 3 6 8 |  8.3
Dodging        | 5 7 |  7.8

Action                   |  1- 3 |  4- 6 |  7- 9 | 10-12 || total
-------------------------+-------+-------+-------+-------++-------
Melee: Hand axe          |    64 |   175 |   195 |    15 ||   449
       Headbutt          |    10 |    25 |    44 |    56 ||   135
       War axe           |       |       |       |   178 ||   178
Invok: Berserk           |       |       |       |     1 ||     1
       Brothers in Arms  |       |       |       |     1 ||     1
  Use: Scroll            |       |       |     1 |       ||     1
       Potion            |       |       |       |     1 ||     1
Armor: Chain mail        |    22 |   103 |    88 |    71 ||   284
Dodge: Dodged            |    38 |    74 |    70 |    99 ||   281
